 Dungeon Crawl Stone Soup version 0.31-a0-441-g867994ef1c (webtiles) character file.

Game seed: 1978050482029319512

34 Xavori the Slasher (level 3, -2/29 HPs)
             Began as a Demonspawn Chaos Knight on Aug 2, 2023.
             Was a Plaything of Xom.
             Killed from afar by Sigmund (5 damage)
             ... with a magic dart
             ... on level 2 of the Dungeon.
             The game lasted 00:01:37 (9418 turns).

Xavori the Slasher (Demonspawn Chaos Knight)        Turns: 9418, Time: 00:01:37

Health: -2/29      AC:  6    Str: 14    XL:     3   Next: 14%
Magic:  4/4        EV: 11    Int: 13    God:    Xom [....*.]
Gold:   51         SH:  0    Dex: 12    Spells: 4/4 levels left

rFire   + . .        a - +0 falchion (chaos)
rCold   . . .        (no shield)
rNeg    . . .        b - +2 leather armour
rPois   +            (no helmet)
rElec   .            (no cloak)
rCorr   .            d - +0 pair of gloves
SInv    .            (no boots)
Will    .....        (no amulet)
Stlth   +            j - ring of flight
HPRegen 0.24/turn    (no ring)
MPRegen 0.09/turn

%: clarity
@: flying
A: demonic guardian 1, talons 1, iridescent scales 1, clarity, deformed body,
fire resistance 1, low MP 1, poison resistance
a: Renounce Religion


You were on level 2 of the Dungeon.
You worshipped Xom.
You were a beloved toy of Xom.
You visited 1 branch of the dungeon, and saw 2 of its levels.

You collected 51 gold pieces.

Inventory:

Hand Weapons
 a - a +0 falchion of chaos (weapon)
Armour
 b - a +2 leather armour (worn)
 d - a +0 pair of gloves (worn)
Jewellery
 j - a ring of flight (left hand)
Scrolls
 c - a scroll of butterflies
 e - a scroll of poison {unknown}
 k - a scroll of brand weapon {unknown}
 l - a scroll of acquirement {unknown}
 m - a scroll of teleportation {unknown}
 n - a scroll of identify {unknown}
Potions
 f - a potion of heal wounds {unknown}
 g - a potion of invisibility {unknown}
 h - a potion of resistance {unknown}
 i - a potion of curing {unknown}


   Skills:
 + Level 3.2 Fighting
 + Level 3.2 Long Blades
 + Level 1.8 Armour
 + Level 1.0 Dodging
 + Level 0.2 Stealth
 * Level 1.1 Spellcasting


You had 4 spell levels left.
You didn't know any spells.
Your spell library was empty.

Dungeon Overview and Level Annotations

Branches:
Dungeon (2/15)

Altars:

Annotations:
D:2 Sigmund


Innate Abilities, Weirdness & Mutations

A weak demonic guardian rushes to your aid.
You have sharp toenails.
You are partially covered in iridescent scales. (AC +2)
You possess an exceptional clarity of mind.
Armour fits poorly on your strangely shaped body.
Your flesh is heat resistant. (rF+)
Your magical capacity is low. (-10% MP)
Your system is resistant to poisons. (rPois)


Message History

Found 6 stones.
No target in view!
Found a hand axe.
There is an open door here.
No target in view!
You see here 6 stones. "Whee!"
Your surroundings suddenly seem different.
Sigmund the Dreaded comes into view.
He is wielding a +0 scythe.
Unknown command.
Found a stone staircase leading down.
Sigmund shouts!
Sigmund casts a spell.
Sigmund flickers and vanishes!
Deactivating autopickup; reactivate with Ctrl-A.
No target in view!
Unknown command.
No target in view!
Unknown command.
No target in view!
No target in view!
You miss something. Something hits you but does no damage.
You closely miss something. Something hits you.
You barely miss something. Your kick misses something. Something hits you!
You hit something. You claw something. You hit something but do no damage.
Your kick misses something. Something hits you!
* * * LOW HITPOINT WARNING * * *
You barely miss something.
You hear some strange, mumbled words.
You feel momentarily confused.
You hit something.
Nothing appears to happen.
Your kick misses something. Something hits you.
* * * LOW HITPOINT WARNING * * *
A demonic guardian appears!
You barely miss something.
You hear some strange, mumbled words.
A magic dart appears from out of thin air!
The magic dart hits you.
You die...

#####+#########
#.......{......
#.....5@.#
#####
#........#
...r.
#####+##.#
###.# .# .# ..
># .#


You could see a friendly iron imp (summoned).

Vanquished Creatures
  5 endoplasms
  3 giant cockroaches (D:1)
  4 jackals (D:1)
  3 ball pythons (D:1)
  6 bats
  6 frilled lizards (D:1)
  2 goblins
  A kobold (D:1)
  4 rats
34 creatures vanquished.

Vanquished Creatures (collateral kills)
  A frilled lizard (D:1)
1 creature vanquished.

Grand Total: 35 creatures vanquished

Notes
Turn   | Place    | Note
-------+----------+-------------------------------------------
     0 | D:1      | Xavori the Demonspawn Chaos Knight began the quest for the
                  | Orb.
     0 | D:1      | Reached XP level 1. HP: 18/18 MP: 1/1
   209 | D:1      | XOM: silly message
   216 | D:1      | XOM: summons 1 hostile demon
   217 | D:1      | Noticed an iron imp
   382 | D:1      | XOM: 1-stop teleportation journey
   394 | D:1      | Found a faded altar of an unknown god.
   679 | D:1      | Gained mutation: A weak demonic guardian rushes to your
                  | aid. [demonic ancestry]
   679 | D:1      | Reached XP level 2. HP: 24/24 MP: 1/3
   781 | D:1      | XOM: summons 2 hostile demons
   782 | D:1      | Noticed a crimson imp
   812 | D:1      | XOM: swap monsters
   986 | D:1      | Reached skill level 1 in Spellcasting
  1078 | D:1      | Reached skill level 1 in Dodging
  1131 | D:1      | Reached XP level 3. HP: 29/29 MP: 4/4
  1183 | D:1      | You are sucked into a shaft and drop 1 floor!
  1867 | D:1      | XOM: give mutation
  1867 | D:1      | Gained mutation: You have sharp toenails. [Xom's mischief]
  2141 | D:1      | XOM: noise
  2500 | D:1      | XOM: give mutation
  2500 | D:1      | Gained mutation: You possess an exceptional clarity of
                  | mind. [Xom's mischief]
  3842 | D:1      | XOM: noise
  3966 | D:1      | XOM is BORED!
  3966 | D:1      | XOM: summons 2 hostile demons
  4223 | D:1      | XOM: silly message
  4292 | D:1      | XOM: give mutation
  4292 | D:1      | Gained mutation: You expend magic power (3 MP) to
                  | strengthen your wands. [Xom's grace]
  5171 | D:1      | XOM: scenery: summon butterflies
  6010 | D:1      | XOM: god gift: rapier {god gift}
  6022 | D:1      | XOM: summons 3 hostile shadow creatures
  6290 | D:2      | XOM: give mutations
  6290 | D:2      | Gained mutation: Your flesh is heat resistant. (rF+) [Xom's
                  | mischief]
  6290 | D:2      | Lost mutation: You expend magic power (3 MP) to strengthen
                  | your wands. [Xom's mischief]
  6290 | D:2      | Gained mutation: You are partially covered in iridescent
                  | scales. (AC +2) [Xom's mischief]
  6482 | D:1      | XOM: silly message
  6514 | D:1      | XOM: noise
  6677 | D:1      | XOM: god gift: 22 gold pieces
  7247 | D:1      | XOM: cloud trail
  7668 | D:1      | XOM: cloud trail
  9183 | D:1      | XOM: noise
  9199 | D:1      | XOM: give mutations
  9199 | D:1      | Gained mutation: Your system is resistant to poisons.
                  | (rPois) [Xom's mischief]
  9199 | D:1      | Gained mutation: Armour fits poorly on your strangely
                  | shaped body. [Xom's mischief]
  9199 | D:1      | Gained mutation: Your magical capacity is low. (-10% MP)
                  | [Xom's mischief]
  9337 | D:1      | XOM is BORED!
  9337 | D:1      | XOM: summons 1 hostile shadow creature
  9409 | D:2      | Noticed Sigmund
  9409 | D:2      | XOM: 1-stop teleportation journey
  9418 | D:2      | Killed from afar by Sigmund

Illustrated notes

Levels and vault maps discovered:
D:1:      reono_arrival_mine, layout_loops_ring,
          hellmonk_ecumenical_altar_inner_sanctum, minmay_lizard_pond
D:2:      layout_basic, uniq_sigmund

Skill      XL: |  1  2 |
---------------+-------+-----
Long Blades    | 3 |  3.2
Spellcasting   | 1 |  1.1
Dodging        | 1 |  1.0
Fighting       | |  3.2
Armour         | |  1.8
Stealth        | |  0.2

Action                     || total
---------------------------++-------
  Melee: Falchion          ||   124
         Punch             ||     2
         Kick              ||     1
    Use: Scroll            ||     1
   Stab: Petrified         ||     3
         Petrifying        ||     1
         Sleeping          ||     1
 Armour: Leather armour    ||    75
  Dodge: Dodged            ||    78

Table legend: (Time is in decaauts)
 A = Elapsed time spent in this place.
 B = Non-inter-level travel time spent in this place.
 C = Inter-level travel time spent in this place.
 D = Time resting spent in this place.
 E = Time spent auto-exploring this place.
 F = Levels seen in this place.
 G = Mean time per level.
                   A        B        C        D        E       F      G
               +--------+--------+--------+--------+--------+-----+--------+
         Total |   9438 |   9398 |     40 |   8210 |    899 |   2 | 4719.0 |
       Dungeon |   9438 |   9398 |     40 |   8210 |    899 |   2 | 4719.0 |
               +--------+--------+--------+--------+--------+-----+--------+

Top non-repeatable levels by time:
     D:1: 8685 daAuts
     D:2: 753 daAuts
